AoeStats
← Cloud Surfer

Arabia

509806651Analyzed
1v1 RM · 3d ago on Sep 28, 2026· 46m 49s· 2 players
Game mode
Random Map
Map size
Tiny (2 player)
Population
200
Speed
Normal
Resources
Standard
Victory
Conquest
Starting age
Dark Age
Ending age
Imperial Age
RankedLock teamsTeams togetherTeam positionsShared explorationLock speedFull tech treeHidden civsTurbo modeCheats
Victory
Defeat
🇺🇸 Byzantines · United States
767
+16
🇦🇷 Byzantines · Argentina
775
-37
Cloud Surfer
10:06 Feudal Age
11:24 Wheelbarrow
10:36 Loom
11:10 Double-Bit Axe
16:11 Horse Collar
17:23 Man-at-Arms
21:08 Castle Age
22:58 Bow Saw
23:14 Scale Mail Armor
23:30 Forging
25:09 Elite Skirmisher
27:30 Squires
27:25 Pikeman
29:33 Heavy Plow
32:15 Stone Mining
32:24 Gold Mining
36:31 Imperial Age
34:52 Ballistics
35:13 Iron Casting
36:18 Scale Barding Armor
36:04 Fletching
36:30 Chain Mail Armor
36:15 Padded Archer Armor
36:56 Gold Shaft Mining
36:57 Stone Shaft Mining
38:20 Elite Varangian Guard
40:11 Hand Cart
40:29 Plate Mail Armor
40:20 Chain Barding Armor
40:16 Leather Archer Armor
41:02 Chemistry
40:45 Halberdier
41:37 Bodkin Arrow
44:16 Husbandry
45:32 Thumb Ring
45:50 Fortified Wall
Troxfe
8:02 Loom
10:41 Feudal Age
11:10 Horse Collar
12:17 Double-Bit Axe
20:26 Castle Age
20:03 Gold Mining
21:26 Wheelbarrow
20:57 Pikeman
22:49 Heavy Plow
26:03 Forging
25:44 Fletching
26:01 Scale Barding Armor
34:49 Imperial Age
35:17 Gold Shaft Mining
36:01 Hand Cart
35:19 Elite Skirmisher
37:10 Chain Barding Armor
37:26 Iron Casting
36:48 Bodkin Arrow
36:54 Padded Archer Armor
39:29 Logistica
39:52 Stone Mining
39:55 Elite Cataphract
40:46 Squires
40:37 Gambesons
42:14 Crop Rotation
41:57 Bow Saw
42:27 Stone Shaft Mining
42:07 Heavy Camel Rider
42:52 Capped Ram
45:28 Plate Barding Armor
44:54 Bracer
45:11 Leather Archer Armor
44:22 Halberdier
Connection lost

Rejoining the realm…

Still unreachable

The connection could not be restored.

Session expired

The server has moved on; the page needs a fresh start.